 Dungeon Crawl Stone Soup version 0.20.1-1-g8b1a95d (webtiles) character file.

15243 OneorTwo the Cruncher (level 11, -8/95 HPs)
             Began as a Minotaur Berserker on July 26, 2017.
             Was a High Priest of Trog.
             Mangled by Aizul (13 damage)
             ... on level 1 of the Snake Pit.
             The game lasted 01:39:31 (10370 turns).

OneorTwo the Cruncher (Minotaur Berserker)         Turns: 10370, Time: 01:39:31

Health: -8/95      AC: 18    Str: 27    XL:     11   Next: 99%
Magic:  0/19       EV: 10    Int:  9    God:    Trog [*****.]
Gold:   679        SH:  0    Dex: 10    Spells: 10/10 levels left

rFire    . . .     SeeInvis .   v - +9 quarterstaff (chaos)
rCold    . . .     Gourm    .   (shield currently unavailable)
rNeg     . . .     Faith    .   A - +1 chain mail {MR+}
rPois    +         Spirit   +   (helmet restricted)
rElec    .         Reflect  .   M - +2 cloak {rPois}
rCorr    .         Harm     .   (no gloves)
MR       +++..                  (no boots)
Stlth    ..........             s - amulet of guardian spirit
Regen    1.3/turn               U - ring of magical power
MPRegen  0.2/turn               d - +5 ring of intelligence

@: lethally poisoned (-8 -> -8), berserk cooldown, regenerating
A: retaliatory headbutt, horns 2, icy blue scales 1, poison resistance, strong
1, evolution 1
a: Berserk, Trog's Hand, Brothers in Arms, Burn Spellbooks, Renounce Religion


You were on level 1 of the Snake Pit.
You worshipped Trog.
Trog was extremely pleased with you.
You were hungry.

You visited 4 branches of the dungeon, and saw 12 of its levels.
You also visited: Ossuary and Bailey.

You collected 1120 gold pieces.
You spent 441 gold pieces at shops.

Inventory:

Hand Weapons
 b - a +1 flail of protection
 p - a +3 mace
 v - a +9 quarterstaff of chaos (weapon)
Missiles
 f - 11 needles of confusion
 j - 343 stones
 o - 2 javelins
 x - 8 steel javelins
 G - 16 tomahawks of returning (quivered)
 V - 7 poisoned javelins
Armour
 w - a +2 cloak
 A - a +1 chain mail of magic resistance (worn)
 M - a +2 cloak of poison resistance (worn)
 S - a +0 troll leather armour
Jewellery
 d - a +5 ring of intelligence (right hand)
 s - an amulet of guardian spirit (around neck)
 E - an uncursed ring of ice
 U - a ring of magical power (left hand)
Wands
 l - a wand of disintegration (2/24)
 t - a wand of paralysis (22/24)
 y - a wand of confusion (41/48)
 B - a wand of enslavement (2/24)
 C - a wand of iceblast (9/15)
 H - a wand of enslavement (18/24)
Scrolls
 h - 3 scrolls of teleportation
 D - 2 scrolls of remove curse
 F - a scroll of recharging
 O - a scroll of magic mapping
 P - a scroll of enchant armour
 X - 2 scrolls of enchant weapon
 Z - a scroll of fog {unknown}
Potions
 z - 3 potions of lignification
 I - a potion of magic
 L - a potion of brilliance
 Q - 4 potions of might
 R - a potion of berserk rage
 Y - a potion of agility
Books
 i - a book of Clouds

   Spells                             Type                      Level
   a - Poisonous Vapours              Poison/Air                   2
   b - Mephitic Cloud                 Conjuration/Poison/Air       3
   c - Conjure Flame                  Conjuration/Fire             3
   d - Freezing Cloud                 Conjuration/Ice/Air          6
   e - Ring of Flames                 Charms/Fire                  7
   Trog disapproves of the use of such an item.
 r - a book of Frost

   Spells                             Type                      Level
   a - Freeze                         Ice                          1
   b - Throw Frost                    Conjuration/Ice              2
   c - Ozocubu's Armour               Charms/Ice                   3
   d - Throw Icicle                   Conjuration/Ice              4
   e - Summon Ice Beast               Ice/Summoning                4
   Trog disapproves of the use of such an item.
 W - a book of Necromancy

   Spells                             Type                      Level
   a - Pain                           Necromancy                   1
   b - Animate Skeleton               Necromancy                   1
   c - Vampiric Draining              Necromancy                   3
   d - Regeneration                   Charms/Necromancy            3
   e - Animate Dead                   Necromancy                   4
   f - Control Undead                 Necromancy                   4
   Trog disapproves of the use of such an item.
Comestibles
 a - 4 chunks of flesh
 c - 5 bread rations
 k - 3 royal jellies
 m - 8 fruits
 q - 5 meat rations


   Skills:
 + Level 8.3 Fighting
 + Level 7.1(11.3) Maces & Flails
 * Level 13.4(14.0) Staves
 + Level 9.0 Throwing
 + Level 10.5 Armour
 + Level 4.7 Dodging
 + Level 2.9 Stealth
 + Level 1.0 Evocations


You had 10 spell levels left.
You didn't know any spells.

Dungeon Overview and Level Annotations

Branches:
Dungeon (8/15)             Temple (1/1) D:4            Lair (2/6) D:8
  Snake (1/4) Lair:2
  Swamp: Lair:2-4    Shoals: Lair:2-4

Altars:
Ashenzari
Cheibriados
Dithmenos
Elyvilon
Fedhas
Gozag
Hepliaklqana
Kikubaaqudgha
Makhleb
Nemelex Xobeh
Okawaru
Qazlal
Ru
Sif Muna
Trog
Uskayaw
Vehumet
Xom
Yredelemnul
Zin
The Shining One

Shops:
D:4 }[   D:6 ?   D:7 **

Annotations:
Snake:1 Aizul


Innate Abilities, Weirdness & Mutations

You reflexively headbutt those who attack you in melee.
You have a pair of horns on your head.
You are partially covered in icy blue scales. (AC +2)
Your system is resistant to poisons. (rPois)
Your muscles are strong. (Str +2)
You evolve.


Message History

You feel yourself speed up.
You hear some strange, mumbled words.
A bolt of poison appears from out of thin air!
The bolt of poison hits you!
You are poisoned.
You resist.
* * * LOW HITPOINT WARNING * * *
You hear some strange, mumbled words.
A poison arrow appears from out of thin air!
The poison arrow misses you.
Your skin crawls.
You feel resistant to hostile enchantments.
You feel somewhat more hungry.
You feel sick.
You feel sick. Something hits you.
* * * LOW HITPOINT WARNING * * *
You hit something. You hit something.
Nothing appears to happen.
Your headbutt misses something.
You feel sick. Something hits you but does no damage. Something hits you.
You closely miss something.
You feel sick. Something hits you!
You die... §§ #......).# S.E

#........# ....
#........# .....
#........#
.§....#........#######
......)†).............
...............#####.
......########{...#
...... #@...# ####..
#....# #. #....#
######. #....# .....#
#....# .....# #....#
.....# #....# .....#
#....## .....# #####
#.....#.#


There were no monsters in sight!

Vanquished Creatures
  A naga warrior (Snake:1)
  2 anacondas (Snake:1)
  3 two-headed ogres (D:8)
  A hell hog (Snake:1)
  Pikel (D:8)
  An orc knight (Bailey)
  A mana viper (Snake:1)
  Maurice (D:8)
  3 black mambas
  A spiny frog (Lair:1)
  A rime drake (Lair:1)
  A troll (D:8)
  A jumping spider (Snake:1)
  A hippogriff (Lair:1)
  3 yaks (Lair:1)
  2 basilisks
  Grum (D:8)
  3 fire elementals (Snake:1)
  5 nagas (Lair:2)
  2 water moccasins (Lair:2)
  A porcupine (Lair:1)
  2 hell hounds (Snake:1)
  4 orc warriors
  4 ice beasts
  A phantom (D:7)
  4 ogres
  2 centaurs
  11 wolves
  A crocodile (Lair:1)
  3 bullfrogs
  A scorpion (D:6)
  4 killer bees (D:8)
  6 wights (D:7)
  A howler monkey (D:6)
  2 electric eels (D:8)
  2 crimson imps
  4 bullfrog zombies (Ossuary)
  6 orc priests
  6 hounds
  A jelly (D:8)
  7 orc wizards
  2 centaur skeletons
  Crazy Yiuf (D:4)
  Jessica (D:3)
  2 iguanas
  A hell rat (Snake:1)
  A worker ant (D:8)
  2 hound zombies
  A hound skeleton (D:4)
  18 mummies (Ossuary)
  A howler monkey zombie (Ossuary)
  A worker ant zombie (Ossuary)
  6 gnolls (D:4)
  12 adders
  An ooze (D:1)
  An adder zombie (Ossuary)
  2 worms
  4 dart slugs
  3 leopard geckos
  30 orcs
  3 ball pythons
  8 giant cockroaches
  10 goblins
  7 hobgoblins
  6 jackals
  16 kobolds
  7 quokkas
  12 bats
  6 frilled lizards
  2 jackal zombies
  A leopard gecko zombie (Ossuary)
  2 quokka zombies (Ossuary)
  6 rats
  A withered plant (D:5)
285 creatures vanquished.

Vanquished Creatures (others)
  A naga (Snake:1)
  A slave (D:8)
  A howler monkey skeleton (D:8)
  A withered plant (Ossuary)
4 creatures vanquished.

Grand Total: 289 creatures vanquished

Notes
Turn   | Place    | Note
-------+----------+-------------------------------------------
     0 | D:1      | OneorTwo the Minotaur Berserker began the quest for the Orb.
     0 | D:1      | Reached XP level 1. HP: 19/19 MP: 0/0
   115 | D:1      | Reached XP level 2. HP: 21/27 MP: 1/1
   425 | D:1      | Reached XP level 3. HP: 22/33 MP: 2/2
   571 | D:1      | Reached ** piety under Trog
  1439 | D:2      | Found a deep blue altar of Sif Muna.
  1439 | D:2      | Found a basalt altar of Yredelemnul.
  1847 | D:3      | Reached XP level 4. HP: 40/40 MP: 3/3
  1860 | D:3      | Reached skill level 5 in Maces & Flails
  1902 | D:3      | Found a glowing silver altar of Zin.
  2299 | D:3      | Found a hazy altar of Hepliaklqana.
  2300 | D:3      | Noticed Jessica
  2312 | D:3      | Killed Jessica
  2312 | D:3      | Reached *** piety under Trog
  2507 | D:4      | Reached XP level 5. HP: 47/47 MP: 4/4
  2638 | D:4      | Found Curphok's Gadget Boutique.
  2673 | D:4      | Found a staircase to the Ecumenical Temple.
  2681 | D:4      | Reached skill level 1 in Stealth
  2975 | D:4      | Reached XP level 6. HP: 53/53 MP: 5/5
  2982 | D:4      | Found a white marble altar of Elyvilon.
  3180 | D:4      | Found Cautsug's Armour Emporium.
  3219 | D:4      | Found a runed door.
  3223 | D:4      | Noticed Crazy Yiuf
  3226 | D:4      | Killed Crazy Yiuf
  3531 | D:4      | Reached skill level 5 in Fighting
  3691 | Temple   | Entered the Ecumenical Temple
  3919 | D:4      | Reached skill level 1 in Staves
  3919 | D:4      | Reached XP level 7. HP: 61/61 MP: 6/6
  3955 | D:5      | Entered Level 5 of the Dungeon
  3980 | D:5      | Found an ancient bone altar of Kikubaaqudgha.
  4041 | D:5      | Found a shadowy altar of Dithmenos.
  4266 | D:5      | Reached skill level 1 in Throwing
  4310 | D:5      | Reached skill level 2 in Staves
  4310 | D:5      | Reached skill level 5 in Armour
  4615 | D:6      | Reached **** piety under Trog
  4628 | D:6      | Reached skill level 3 in Staves
  4652 | D:6      | Reached XP level 8. HP: 32/68 MP: 5/7
  4720 | D:6      | Reached skill level 4 in Staves
  4878 | D:6      | Found Tagokea's Magic Scroll Shoppe.
  4881 | D:6      | Bought a scroll of identify for 28 gold pieces
  4881 | D:6      | Bought a scroll of identify for 28 gold pieces
  4881 | D:6      | Bought a scroll of identify for 28 gold pieces
  4944 | D:6      | Bought a scroll of enchant weapon for 105 gold pieces
  4964 | D:6      | Identified a scroll of acquirement
  5157 | D:6      | Received a gift from Trog
  5166 | D:6      | Reached skill level 5 in Staves
  5254 | D:7      | Found a flagged portal.
  5270 | Bailey   | Entered a bailey
  5402 | Bailey   | Got an ichor-stained hunting sling
  5411 | Bailey   | Noticed an orc knight
  5418 | Bailey   | Reached skill level 6 in Staves
  5427 | Bailey   | Killed an orc knight
  5427 | Bailey   | Reached skill level 7 in Staves
  5434 | Bailey   | Reached XP level 9. HP: 59/75 MP: 4/8
  5597 | Bailey   | Found a burning altar of Makhleb.
  5678 | D:7      | Found a sand-covered staircase.
  5708 | Ossuary  | Entered an ossuary
  5726 | Ossuary  | Reached skill level 8 in Staves
  6094 | Ossuary  | Gained mutation: You have supernaturally acute eyesight. (SInv) [potion of mutation]
  6094 | Ossuary  | Gained mutation: Armour fits poorly on your strangely shaped body. [potion of mutation]
  6094 | Ossuary  | Gained mutation: Your magical capacity is low. (-10% MP) [potion of mutation]
  6094 | Ossuary  | Gained mutation: Your flesh is heat resistant. (rF+) [potion of mutation]
  6095 | Ossuary  | Lost mutation: Your magical capacity is low. (-10% MP) [potion of mutation]
  6095 | Ossuary  | Lost mutation: You have supernaturally acute eyesight. (SInv) [potion of mutation]
  6095 | Ossuary  | Lost mutation: Armour fits poorly on your strangely shaped body. [potion of mutation]
  6095 | Ossuary  | Lost mutation: Your flesh is heat resistant. (rF+) [potion of mutation]
  6095 | Ossuary  | Gained mutation: You are partially covered in icy blue scales. (AC +2) [potion of mutation]
  6095 | Ossuary  | Gained mutation: Your muscles are strong. (Str +2) [potion of mutation]
  6095 | Ossuary  | Gained mutation: Your system is resistant to poisons. (rPois) [potion of mutation]
  6095 | Ossuary  | Gained mutation: You evolve. [potion of mutation]
  6331 | D:6      | Reached skill level 9 in Staves
  6578 | D:6      | Reached ***** piety under Trog
  7092 | D:7      | Reached skill level 5 in Throwing
  7199 | D:7      | Found Aqeeser's Assorted Antiques.
  7232 | D:7      | Bought a shiny steel ring for 140 gold pieces
  7232 | D:7      | Bought a scroll labeled NUCHAI DATUTI for 28 gold pieces
  7232 | D:7      | Bought a scroll of identify for 56 gold pieces
  7232 | D:7      | Bought a scroll labeled NUCHAI DATUTI for 28 gold pieces
  7330 | D:7      | Found Bualeulu's General Store.
  7400 | D:8      | Noticed Maurice
  7400 | D:8      | Noticed a two-headed ogre
  7407 | D:8      | Killed a two-headed ogre
  7407 | D:8      | Reached skill level 10 in Staves
  7407 | D:8      | Reached XP level 10. HP: 61/83 MP: 9/9
  7438 | D:8      | Killed Maurice
  7647 | D:8      | Received a gift from Trog
  7686 | D:8      | Found a staircase to the Lair.
  7751 | D:8      | Noticed Pikel
  7764 | D:8      | Killed Pikel
  7764 | D:8      | Reached skill level 11 in Staves
  7997 | D:8      | Noticed Grum
  8024 | D:8      | Killed Grum
  8083 | D:8      | Noticed a two-headed ogre
  8091 | D:8      | Killed a two-headed ogre
  8100 | D:8      | Found a stormy altar of Qazlal.
  8161 | D:8      | Noticed a two-headed ogre
  8168 | D:8      | Killed a two-headed ogre
  8455 | D:8      | Found an iron altar of Okawaru.
  8456 | D:8      | Found a bloodstained altar of Trog.
  8463 | D:8      | Reached XP level 11. HP: 64/91 MP: 10/10
  8615 | D:8      | Received a gift from Trog
  8659 | Lair:1   | Entered Level 1 of the Lair of Beasts
  8681 | Lair:1   | Reached skill level 12 in Staves
  8681 | Lair:1   | Reached skill level 1 in Evocations
  9684 | Lair:2   | Received a gift from Trog
  9740 | Lair:2   | Found a staircase to the Snake Pit.
  9807 | Snake:1  | Entered Level 1 of the Snake Pit
  9810 | Snake:1  | Noticed a mana viper
  9819 | Snake:1  | Killed a mana viper
  9882 | Snake:1  | Noticed a naga warrior
  9903 | Snake:1  | Killed a naga warrior
 10191 | Snake:1  | Noticed an anaconda
 10202 | Snake:1  | Killed an anaconda
 10202 | Snake:1  | Reached skill level 13 in Staves
 10306 | Snake:1  | Noticed a mana viper
 10310 | Snake:1  | a mana viper changed into a jumping spider
 10315 | Snake:1  | Reached skill level 10 in Armour
 10327 | Snake:1  | Noticed Aizul
 10329 | Snake:1  | Noticed Azrael
 10331 | Snake:1  | Noticed an anaconda
 10334 | Snake:1  | Noticed Azrael
 10334 | Snake:1  | Azrael changed into Azrael the hell hog
 10337 | Snake:1  | Killed Azrael the hell hog
 10342 | Snake:1  | Killed an anaconda
 10370 | Snake:1  | Mangled by Aizul

Skill      XL: |  1  2  3  4  5  6  7  8  9 10 11 |
---------------+----------------------------------+-----
Maces & Flails | 4 5 6 7 |  7.1
Fighting       | 4 5 6 8 |  8.3
Armour         | 3 4 5 6 7 8 10 | 10.5
Stealth        | 1 2 |  2.9
Dodging        | 3 4 |  4.7
Staves         | 1 3 7 10 11 13 | 13.4
Throwing       | 1 3 6 7 9 |  9.0
Evocations     | 1 |  1.0

Action                   |  1- 3 |  4- 6 |  7- 9 | 10-12 || total
-------------------------+-------+-------+-------+-------++-------
Melee: Mace              |    90 |    15 |       |       ||   105
       Headbutt          |    11 |    19 |    36 |    38 ||   104
       Whip              |       |    81 |       |       ||    81
       Quarterstaff      |       |    20 |   231 |   220 ||   471
       Flail             |       |     6 |       |       ||     6
Throw: Stone             |     5 |     7 |     3 |       ||    15
       Tomahawk          |       |       |   140 |    66 ||   206
Invok: Berserk           |       |     4 |     2 |     4 ||    10
       Burn Spellbooks   |       |     1 |       |       ||     1
       Trog's Hand       |       |       |       |     2 ||     2
Evoke: Wand              |       |       |       |     6 ||     6
  Use: Potion            |     3 |       |    10 |     8 ||    21
       Scroll            |     4 |     6 |    17 |     5 ||    32
 Stab: Sleeping          |     3 |       |       |       ||     3
       Paralysed         |       |       |     3 |     2 ||     5
       Confused          |       |       |     1 |     2 ||     3
       Petrifying        |       |       |       |     2 ||     2
  Eat: Chunk             |     2 |     5 |    10 |     4 ||    21
       Meat ration       |       |     1 |       |       ||     1
       Bread ration      |       |       |     1 |     2 ||     3
Armor: Animal skin       |    25 |       |       |       ||    25
       Ring mail         |       |    38 |     9 |       ||    47
       Chain mail        |       |       |    73 |   118 ||   191
       Skin              |       |       |     1 |       ||     1
Dodge: Dodged            |    58 |    66 |    84 |    84 ||   292
